[Event "Wuerttemberg Rapid Teams 2024"]
[Site "B?blingen, Germany"]
[Date "2024.04.13"]
[Round "6.22"]
[White "Narr, Kevin"]
[Black "Vaysberg, Alexander"]
[Result "1/2-1/2"]
[ECO "D02"]
[WhiteElo "1977"]
[BlackElo "2152"]
[Annotator "RC"]
[PlyCount "128"]
[EventDate "2024.04.13"]
[EventType "team-tourn"]
[SourceTitle "playchess.com"]
[Source "ChessBase"]
[SourceQuality "1"]
[TimeControl "900+5"]

1. d4 Nf6 2. Nf3 d5 3. Bf4 c5 4. e3 Qb6 5. Nc3 a6 6. a3 Nc6 7. Be2 Bg4 8. dxc5 Qxc5 9. O-O e6 10. h3 Bxf3 11. Bxf3 Be7 12. Qd2 O-O 13. Rac1 Rfd8 14. b4 Qa7 15. Rfd1 Rac8 16. Qe1 b5 17. Bh2 Qb6 18. g4 Nxb4 19. axb4 Bxb4 20. Be5 Rc6 21. Rb1 a5 22. Bd4 Qb8 23. Rxb4 axb4 24. Na2 Rxc2 25. Nxb4 Rc4 26. Be2 Rcc8 27. Na6 Qb7 28. Nc5 Qc6 29. Rb1 Rb8 30. Qb4 Rdc8 31. g5 Ne8 32. Bxb5 Qd6 33. Na6 Qxb4 34. Rxb4 Ra8 35. Kg2 Nd6 36. Bd3 Nc4 37. Nc5 e5 38. Bxc4 exd4 39. Bxd5 Ra5 40. exd4 Ra7 41. h4 g6 42. Ne4 Rd8 43. Rb6 Kg7 44. Nf6 h6 45. Rb4 hxg5 46. hxg5 Ra5 47. Bc6 Rxg5+ 48. Kf1 Kxf6 49. d5 Ke5 50. f4+ Kf6 51. fxg5+ Kxg5 52. Rb7 f5 53. Rd7 Rxd7 54. Bxd7 Kf4 55. Bc6 Ke5 56. Kf2 g5 57. Bb7 f4 58. Kf3 Kf5 59. Bc6 g4+ 60. Kf2 Ke5 61. Kg2 Kd6 62. Kf2 Ke5 63. Ke2 Kd6 64. Kf2 Ke5 1/2-1/2

[Event "Wuerttemberg Rapid Teams 2024"]
[Site "B?blingen, Germany"]
[Date "2024.04.13"]
[Round "6.23"]
[White "Jerie, Sven"]
[Black "Sulzbacher, Kurt"]
[Result "1-0"]
[ECO "B33"]
[WhiteElo "2018"]
[BlackElo "1976"]
[Annotator "NA RC"]
[PlyCount "73"]
[EventDate "2024.04.13"]
[EventType "team-tourn"]
[SourceTitle "playchess.com"]
[Source "ChessBase"]
[SourceQuality "1"]
[TimeControl "900+5"]

1. e4 c5 2. Nf3 Nc6 3. d4 cxd4 4. Nxd4 Nf6 5. Nc3 e6 6. Ndb5 d6 7. Bf4 e5 8. Bg5 a6 9. Na3 b5 10. Nd5 Be7 11. Bxf6 Bxf6 12. c3 Ne7 13. Nxf6+ gxf6 14. Bd3 h5 15. O-O Ng6 16. Be2 Nf4 17. g3 Nh3+ 18. Kg2 Qd7 19. Nc2 Ng5 20. Ne3 Qh3+ 21. Kg1 h4 22. Bg4 Bxg4 23. Qxg4 Qxg4 24. Nxg4 Ke7 25. f3 hxg3 26. hxg3 Rh3 27. Kg2 Rah8 28. Rae1 d5 29. exd5 Kd6 30. f4 exf4 31. Rxf4 Kxd5 32. Rxf6 R3h5 33. Re5+ Kc4 34. Ne3+ Kd3 35. Rd6+ Ke2 36. Nf1+ Ne4 37. Rxe4# 1-0

[Event "Wuerttemberg Rapid Teams 2024"]
[Site "B?blingen, Germany"]
[Date "2024.04.13"]
[Round "6.24"]
[White "Kaufmann, Gunther"]
[Black "Schaffert, Walter"]
[Result "0-1"]
[ECO "B01"]
[WhiteElo "1852"]
[BlackElo "2033"]
[Annotator "NA RC"]
[PlyCount "41"]
[EventDate "2024.04.13"]
[EventType "team-tourn"]
[SourceTitle "playchess.com"]
[Source "ChessBase"]
[SourceQuality "1"]
[TimeControl "900+5"]

1. e4 d5 2. exd5 Qxd5 3. d4 Nc6 4. Be3 e5 5. Nc3 Bb4 6. dxe5 Qxe5 7. Nge2 Bg4 8. Qd3 Bf5 9. Qd2 Rd8 10. Qc1 Nf6 11. a3 Ba5 12. b4 Bxb4 13. axb4 Nxb4 14. f3 Bxc2 15. Ng3 Qxc3+ 16. Kf2 O-O 17. Be2 Rfe8 18. Ra3 Qe5 19. Rxa7 Nfd5 20. Bd2 Qd4+ 21. Ke1 0-1

[Event "Wuerttemberg Rapid Teams 2024"]
[Site "B?blingen, Germany"]
[Date "2024.04.13"]
[Round "6.25"]
[White "Gabriel, Robert"]
[Black "Belica, Matej"]
[Result "1-0"]
[ECO "C54"]
[WhiteElo "2161"]
[BlackElo "2173"]
[Annotator "RC"]
[PlyCount "79"]
[EventDate "2024.04.13"]
[EventType "team-tourn"]
[SourceTitle "playchess.com"]
[Source "ChessBase"]
[SourceQuality "1"]
[TimeControl "900+5"]

1. e4 e5 2. Bc4 Nf6 3. d3 Bc5 4. Nf3 Nc6 5. O-O a6 6. c3 Ba7 7. Bb3 d6 8. Nbd2 Ne7 9. Nc4 Ng6 10. Ne3 Be6 11. Ng5 Bxe3 12. Bxe3 d5 13. Nxe6 fxe6 14. exd5 exd5 15. Bc5 b6 16. Ba4+ Kf7 17. Be3 Qd6 18. h3 Rhd8 19. Re1 Kg8 20. Bb3 Rf8 21. Qd2 Rad8 22. Rad1 c5 23. Qe2 Kh8 24. d4 exd4 25. cxd4 c4 26. Bc2 Nf4 27. Bxf4 Qxf4 28. Qe5 Qh4 29. Qe3 Rde8 30. Qd2 Ne4 31. Bxe4 Rxe4 32. Rxe4 Qxe4 33. Re1 Qf5 34. Re5 Qb1+ 35. Kh2 Qxa2 36. Qb4 Kg8 37. Qxb6 c3 38. Qe6+ Kh8 39. Qf7 Rg8 40. Re8 1-0

[Event "Wuerttemberg Rapid Teams 2024"]
[Site "B?blingen, Germany"]
[Date "2024.04.13"]
[Round "6.27"]
[White "Aksenov, Pavel"]
[Black "Vrabac, Branko"]
[Result "0-1"]
[ECO "B08"]
[WhiteElo "2045"]
[BlackElo "1932"]
[Annotator "NA RC"]
[PlyCount "57"]
[EventDate "2024.04.13"]
[EventType "team-tourn"]
[SourceTitle "playchess.com"]
[Source "ChessBase"]
[SourceQuality "1"]
[TimeControl "900+5"]

1. e4 g6 2. Bc4 c6 3. Nc3 Bg7 4. d4 d6 5. Nf3 Nf6 6. e5 dxe5 7. dxe5 Qxd1+ 8. Kxd1 Ng4 9. Ke2 Nxe5 10. Nxe5 Bxe5 11. Bh6 b5 12. Nxb5 cxb5 13. Bd5 Ba6 14. Bxa8 Bxb2 15. Rad1 f5 16. Kf3 Kf7 17. Rhe1 Re8 18. Bg5 b4 19. Bd5+ e6 20. Bb3 Bc3 21. Rxe6 Rxe6 22. Rd6 Bb7+ 23. Rd5 Rd6 24. Kg3 Bxd5 25. Bf4 Bxb3 26. Bxd6 Bxa2 27. Bxb8 a5 28. Kf4 Bb1 29. Bc7 0-1

[Event "Wuerttemberg Rapid Teams 2024"]
[Site "B?blingen, Germany"]
[Date "2024.04.13"]
[Round "6.28"]
[White "Ameln, Till"]
[Black "Siegle, Florian"]
[Result "0-1"]
[ECO "A47"]
[WhiteElo "1887"]
[BlackElo "1912"]
[Annotator "TA"]
[PlyCount "78"]
[EventDate "2024.04.13"]
[EventType "team-tourn"]
[SourceTitle "playchess.com"]
[Source "ChessBase"]
[SourceQuality "1"]
[TimeControl "900+5"]

1. d4 Nf6 2. Bf4 e6 3. e3 b6 4. Nf3 Bb7 5. Be2 Be7 6. h3 O-O 7. O-O d6 8. c4 Nbd7 9. Nc3 c6 10. Bg5 {[%emt 0:01:23] White is slightly better.} h6 11. Bxf6 Nxf6 12. a4 d5 13. cxd5 exd5 14. Ne5 Nd7 15. Nxd7 Qxd7 16. Bg4 f5 17. Bh5 Qd6 18. f4 (18. a5 $11) 18... Ba6 19. Be2 Bxe2 20. Qxe2 a5 21. Qf3 Qe6 22. Rac1 Bb4 23. g4 fxg4 24. hxg4 Rfe8 {[%emt 0:00:10] Black is more active.} 25. Rce1 (25. Rfe1 $15 {feels stronger.}) 25... Rad8 26. f5 Qf6 27. Re2 {[%emt 0:00:48] [#]} (27. Kf2 $142) 27... Qg5 (27... Bxc3 $1 $17 28. bxc3 Re4) 28. Qf4 Bxc3 29. Qxg5 hxg5 30. bxc3 $11 {[%emt 0:00:02][%mdl 4096] Endgame. KRR-KRR} Re4 31. f6 (31. Kf2 $11 {keeps the balance.}) 31... Rxg4+ $17 32. Rg2 Rxg2+ 33. Kxg2 {[%emt 0:00:02] [#]} Rf8 (33... b5 $142 $1 34. fxg7 (34. axb5 cxb5 35. Kg3 a4 $17) 34... Kxg7 (34... bxa4 35. Ra1 $17)) 34. fxg7 $2 {[%emt 0:00:45][%mdl 8192] White does not recover from this.} (34. Rb1 $17) 34... Rxf1 {[%emt 0:00:02] Black mates.} 35. Kxf1 {[%emt 0:00:01] KP-KP} b5 36. axb5 cxb5 37. e4 Kxg7 38. exd5 a4 39. d6 Kf7 {Weighted Error Value: White=0.39/Black=0.17 (very precise) .  Loses game:     	White=1     	---        Mistake:       	White=4     	Black=2      Inaccurate:     	White=5     	Black=6      OK:         	White=7     	Black=4      Best:        	White=1     	Black=3} 0-1

[Event "Wuerttemberg Rapid Teams 2024"]
[Site "B?blingen, Germany"]
[Date "2024.04.13"]
[Round "6.29"]
[White "Li, Yunqi"]
[Black "Schaefer, Daniel"]
[Result "1-0"]
[ECO "E32"]
[WhiteElo "1940"]
[BlackElo "1952"]
[Annotator "TA"]
[PlyCount "69"]
[EventDate "2024.04.13"]
[EventType "team-tourn"]
[SourceTitle "playchess.com"]
[Source "ChessBase"]
[SourceQuality "1"]
[TimeControl "900+5"]

1. d4 Nf6 2. c4 e6 3. Nc3 Bb4 4. Qc2 b6 5. e4 c5 6. d5 exd5 7. exd5 O-O 8. Bd3 {[%emt 0:00:01] White is slightly better.} d6 9. Nge2 Bg4 ({Black should play} 9... Nbd7 $14) 10. O-O $16 Nbd7 11. Bf4 Bxc3 (11... Ne5 $142) 12. Nxc3 Ne5 13. Bxe5 dxe5 14. Rae1 Re8 15. f3 Bh5 16. Re3 {[%emt 0:00:28] White is more active.} Bg6 17. Bxg6 hxg6 18. Rfe1 Nd7 {[%emt 0:00:10] [#]} (18... a6 $16 19. Rxe5 Rxe5 20. Rxe5 b5) 19. f4 $1 $18 Qf6 (19... e4 20. Nxe4) 20. g3 Kf8 21. Qe2 e4 22. Nxe4 ({Don't take} 22. Rxe4 Rxe4 23. Qxe4 (23. Nxe4 Qd4+ 24. Nf2 Qf6 $18) 23... Rb8 $18) 22... Qd8 23. Ng5 Rxe3 24. Qxe3 Nf6 25. Qe5 {[%emt 0:00:55] Strongly threatening d6.} Qd7 26. Qc3 Ne8 27. Nf3 Nd6 28. Ne5 Qf5 (28... Qb7 29. Nc6 Qd7) 29. b3 (29. g4 $142 Qxf4 30. Nxg6+ fxg6 31. Rf1 Qxf1+ 32. Kxf1) 29... Re8 30. Qd3 $4 {[%emt 0:00:28][%mdl 8192] [#]} (30. g4 $18 {and life is good for White.} Qc8 (30... Qxf4 $2 {too greedy.} 31. Nxg6+ fxg6 32. Rf1 $18) 31. h3) 30... Rxe5 $19 {[%emt 0:00:34][%mdl 512] Black is clearly winning.} 31. fxe5 (31. Qxf5 Rxe1+) 31... Qxd3 32. exd6 {[%emt 0:00:02] Intending d7 and mate.} Qd4+ 33. Kh1 {[%emt 0:00:12] White wants to mate with d7.} Qg4 34. Re7 Qf5 35. Kg2 {[%emt 0:00:21][%mdl 32768] Against Qf1+.   Weighted Error Value: White=0.74/Black=0.50.  Missed win:     	White=1     	---        Mistake:       	White=1     	Black=4      Inaccurate:     	White=2     	Black=2      OK:         	White=10    	Black=9      Best:        	White=2     	Black=1      Brilliant:      	White=1     	Black=1     . Sensor Board Error (Ke4/e5)?} 1-0

[Event "Wuerttemberg Rapid Teams 2024"]
[Site "B?blingen, Germany"]
[Date "2024.04.13"]
[Round "6.30"]
[White "Bodriyenko, Markiyan"]
[Black "Lahouel, Kim-Luca"]
[Result "1-0"]
[ECO "C27"]
[WhiteElo "1728"]
[BlackElo "1970"]
[Annotator "TA"]
[PlyCount "103"]
[EventDate "2024.04.13"]
[EventType "team-tourn"]
[SourceTitle "playchess.com"]
[Source "ChessBase"]
[SourceQuality "1"]
[TimeControl "900+5"]

1. e4 e5 2. Nc3 Nf6 3. Bc4 Bc5 4. d3 O-O 5. f4 {[%emt 0:00:03] [#]} d5 $1 6. Nxd5 Nxd5 7. Bxd5 c6 8. Bb3 {[%emt 0:00:08] White is slightly better.} Nd7 (8... a5 $1 $11) 9. Nf3 $16 Qf6 10. f5 Qd6 11. Qe2 a5 12. a3 Nf6 13. Be3 a4 14. Ba2 b5 15. c3 (15. Bxc5 $142 Qxc5 16. O-O-O) 15... Rd8 {[%emt 0:00:11][%mdl 8192] A mistake that costs the game.} (15... Bxe3 $16 {is tougher.} 16. Qxe3 Ba6) 16. d4 $18 exd4 17. cxd4 Nxe4 18. dxc5 Nxc5 19. O-O Nb3 20. Rad1 Qc7 21. Rxd8+ Qxd8 22. Rd1 Qe8 23. Bb6 {[%emt 0:01:30][%cal Re2e8] [#]} Bxf5 24. Qxe8+ Rxe8 25. Bxb3 axb3 26. Rd8 Rxd8 27. Bxd8 c5 28. Kf2 Kf8 29. Ke3 Ke8 30. Bb6 c4 31. Ba5 Ke7 32. Nd4 Bd7 33. Bb4+ Kf6 34. Ne2 Bc6 35. g3 Kg5 36. h4+ Kg4 37. Be1 f5 38. Nd4 Bd7 39. Nf3 {[%emt 0:00:05] Threatens to win with Ne5+.} Be6 40. Ne5+ Kh3 41. Kf4 h6 (41... g6 $142 42. Nf3 Kg2) 42. Nf3 {[%emt 0:00:21] Nd4 would now be deadly.} g6 $2 (42... Bd7 43. Ne5 Be8 44. Kxf5 (44. Bc3 Bh5 $18) 44... c3 45. Bxc3 (45. bxc3 $2 {loses.} b2 $19) 45... Kxg3) 43. Ne5 g5+ 44. hxg5 hxg5+ 45. Kxg5 {[%emt 0:00:02] Intending Kf4 and mate.} Kg2 46. Kf4 {[%emt 0:00:28] White mates.} Kf1 47. Bc3 Ke2 48. Nf3 Bd7 49. Nd4+ Kf2 50. Nxf5 Bxf5 51. Kxf5 Kxg3 52. Ke5 {[%emt 0:00:00] Weighted Error Value: White=0.21 (precise) /Black=0.54.  Loses game:     	---       	Black=1      Mistake:       	White=1     	Black=3      Inaccurate:     	White=2     	---        OK:         	White=17    	Black=11     Best:        	White=3     	Black=2} 1-0

[Event "Wuerttemberg Rapid Teams 2024"]
[Site "B?blingen, Germany"]
[Date "2024.04.13"]
[Round "6.31"]
[White "Retzlaff, Kian"]
[Black "Mikeler, Marcel"]
[Result "1-0"]
[ECO "E97"]
[WhiteElo "1793"]
[BlackElo "1945"]
[Annotator "TA"]
[PlyCount "101"]
[EventDate "2024.04.13"]
[EventType "team-tourn"]
[SourceTitle "playchess.com"]
[Source "ChessBase"]
[SourceQuality "1"]
[TimeControl "900+5"]

1. d4 Nf6 2. Nf3 g6 3. c4 Bg7 4. Nc3 d6 5. e4 O-O 6. Be2 e5 7. O-O Nc6 8. d5 Ne7 9. b4 a5 10. bxa5 Rxa5 11. a4 Nd7 12. Nd2 f5 13. Ba3 b6 14. Bb4 {[%emt 0:00:00] White is slightly better.} Ra8 15. Nb3 f4 (15... Nc5 $11 {keeps the balance.}) 16. a5 $16 Ba6 $2 (16... Nc5 $16) 17. Nb5 ({Only move:} 17. axb6 $18 {Threatens to win with c5.} f3 18. gxf3 (18. Bxf3 Nxb6 19. Be2 Bxc4 $16)) 17... Nf6 (17... bxa5 $16 18. Bxa5 Bxb5) 18. f3 ({White should play} 18. axb6 $18 Bxb5 19. Rxa8 (19. cxb5 Rxa1 20. Qxa1 cxb6 $18) 19... Qxa8 20. bxc7 (20. cxb5 Qa4 $18)) 18... Nd7 19. axb6 Nxb6 20. Qc2 Qd7 21. Ra2 {[%emt 0:00:27] White is more active.} (21. Rxa6 $142 Rxa6 22. c5) 21... g5 (21... Nxc4 $2 22. Rxa6 (22. Bxc4 Bxb5 23. Ra5 Ba4 $11) 22... Rxa6 23. Qxc4 $18) 22. Rfa1 Bxb5 23. cxb5 h5 (23... Rxa2 $16 {keeps fighting.} 24. Rxa2 (24. Qxa2 Ra8 $16) 24... Nec8) 24. Ra7 $18 Rac8 (24... Rfc8 {might work better.} 25. h3 Rxa7 26. Rxa7 Bh6) 25. Ba5 {[%emt 0:00:17][%cal Ob3c5] Black must now prevent Nc5!} Qd8 26. Rc1 Na8 27. Nd2 {[%emt 0:01:39] Black is weak on the light squares} Rf7 28. Nc4 (28. Bxc7 Nxc7 29. Rxc7 Rb8 $18) 28... Bf6 29. Nb2 Ng6 30. b6 g4 $2 (30... Nxb6 31. Qc6 Ne7) 31. fxg4 (31. b7 $142) 31... Bg5 $2 (31... Nxb6 32. gxh5 Nh4 33. Bxb6 f3) 32. b7 f3 {[%emt 0:00:15] [#] ( -> ...Be3+)} 33. Bxf3 (33. bxc8=R Be3+ 34. Kh1 fxg2+ 35. Kxg2 Qxc8 $18) 33... Be3+ 34. Kh1 Bxa7 35. gxh5 (35. bxc8=B Qxc8 36. Nc4 (36. gxh5 Nh4 $18) 36... Qf8 $18) (35. bxa8=B $2 Rxa8 36. Be2 (36. Bxc7 $2 Qg5 $19) (36. gxh5 $2 Nh4 $19) 36... Nf4 $19) 35... Nh4 36. Bg4 (36. bxc8=B Qxc8 37. Nc4 Qd8 $16) (36. bxa8=Q $2 Rxa8 37. Be1 Nxf3 38. gxf3 Qf6 $19) 36... Rb8 {[%emt 0:00:07] [#] ...Rf2 would now be deadly.} 37. bxa8=Q (37. bxa8=R Rxa8 38. Be6 (38. Bxc7 $2 Qg5 $19) 38... Qe7) (37. bxa8=N $2 Rf2 38. Qxc7 (38. Be6+ $2 Kh8 $19) 38... Qg5 $19) 37... Rxa8 38. Be6 $1 {[%emt 0:00:07][%cal Oc1f1] Strongly threatening Rf1!} (38. Bxc7 $2 Qg5 39. Be6 Bf2 $19) 38... Qg5 (38... Qf6 $142 39. Qxc7 (39. Bxf7+ Qxf7 40. Qe2 Rf8 $18) 39... Raf8 40. Bxf7+ (40. Qxa7 Qxe6 41. dxe6 Rxa7 $18) 40... Rxf7 41. Qd8+ Qxd8 42. Bxd8 Nxg2 43. Kxg2 Rf2+ 44. Kg3 Rxb2) 39. Rf1 (39. Bxc7 $2 Bf2 40. Bh3 (40. Bxf7+ $2 Kh8 $19) 40... Rc8 $19 (40... Qxh5 41. Bxd6 Be3 42. Rb1 $16)) 39... Raf8 40. g3 Qxh5 41. gxh4 (41. Bxf7+ Rxf7 42. Rxf7 Qxf7 $14) 41... Kh8 42. Bxf7 Rxf7 43. Rxf7 Qxf7 44. Qg2 {[%emt 0:00:36] Prevents Qf1+.} (44. Qxc7 $2 Qf3#) 44... Qf4 45. Bd2 (45. Bxc7 $2 {gets mated.} Qc1+ (45... Qxh4 $2 {perishes.} 46. Nd3 $18) (45... Qxh4 $2 46. Nd3 $18)) 45... Qxh4 46. Nd3 {[%emt 0:00:16] Threatening mate with Bg5.} Qh5 47. h3 Qd1+ 48. Kh2 Qh5 {[%emt 0:00:09] Wards off Bh6} 49. Bg5 {[%emt 0:00:12] Bf6+ would kill now.} Bd4 50. Bf6+ Kh7 51. Qg7# {[%emt 0:00:10] Weighted Error Value: White=0.71/Black=0.52.  Loses game:     	---       	Black=1      Mistake:       	White=4     	Black=7      Inaccurate:     	White=2     	Black=2      OK:         	White=8     	Black=8      Best:        	White=3     	Black=1      Strong:       	White=1     	---} 1-0

[Event "Wuerttemberg Rapid Teams 2024"]
[Site "B?blingen, Germany"]
[Date "2024.04.13"]
[Round "6.32"]
[White "Retzlaff, Nick"]
[Black "Dietzel, Lukas"]
[Result "1-0"]
[ECO "C50"]
[WhiteElo "1707"]
[BlackElo "1782"]
[Annotator "NA RC COMBH"]
[PlyCount "57"]
[EventDate "2024.04.13"]
[EventType "team-tourn"]
[SourceTitle "playchess.com"]
[Source "ChessBase"]
[SourceQuality "1"]
[TimeControl "900+5"]

1. e4 e5 2. Nf3 Nc6 3. d4 exd4 4. Bc4 Nf6 5. O-O Be7 6. Nxd4 O-O 7. Nxc6 bxc6 8. Nc3 d6 9. Bg5 h6 10. Bh4 Be6 11. Qe2 d5 12. Rad1 d4 13. e5 Nd5 14. Bxe7 Qxe7 15. Rxd4 Nxc3 16. bxc3 Rab8 17. f4 Rb2 18. f5 Bxc4 19. Rxc4 c5 20. f6 Qe6 21. fxg7 Re8 22. Rxc5 Qg6 23. Qf3 Rxc2 24. Kh1 Rxa2 25. Rxc7 Kh7 26. Rxf7 Ra6 27. Rf6 Rxf6 28. exf6 Re6 29. f7 1-0

[Event "Wuerttemberg Rapid Teams 2024"]
[Site "B?blingen, Germany"]
[Date "2024.04.13"]
[Round "6.33"]
[White "Kottke, Markus"]
[Black "Notz, Lukas"]
[Result "0-1"]
[ECO "B12"]
[WhiteElo "2218"]
[BlackElo "1986"]
[Annotator "RC"]
[PlyCount "142"]
[EventDate "2024.04.13"]
[EventType "team-tourn"]
[SourceTitle "playchess.com"]
[Source "ChessBase"]
[SourceQuality "1"]
[TimeControl "900+5"]

1. e4 c6 2. d4 d5 3. e5 Bf5 4. Nd2 e6 5. Nb3 c5 6. dxc5 Bxc5 7. Nxc5 Qa5+ 8. c3 Qxc5 9. Be3 Qc7 10. f4 Ne7 11. Nf3 Bg4 12. h3 Bxf3 13. Qxf3 Nf5 14. Bf2 h5 15. Bd3 g6 16. g4 hxg4 17. hxg4 Rxh1+ 18. Qxh1 Ne7 19. Qh8+ Kd7 20. Qf8 g5 21. Bg3 Qb6 22. Bf2 Qxb2 23. Rb1 Qxc3+ 24. Ke2 b6 25. Be1 Qc5 26. Bb4 Nbc6 27. Qxa8 Nxb4 28. Qxa7+ Kd8 29. Qa8+ Kc7 30. Qa3 Nxd3 31. Qxd3 Nc6 32. fxg5 Nxe5 33. Qd2 Nc4 34. Qf4+ Kc6 35. Rb3 Qg1 36. Qg3 Qc1 37. Qc3 Qxg5 38. Qf3 Qe5+ 39. Kf2 Qh2+ 40. Qg2 Qf4+ 41. Rf3 Qd4+ 42. Kg3 Ne3 43. Qf2 Qxg4+ 44. Kh2 Nf5 45. Rb3 Qh4+ 46. Qxh4 Nxh4 47. Kg3 Nf5+ 48. Kf4 Nd6 49. Ke5 Nc4+ 50. Kf6 e5 51. Kxf7 e4 52. Ke6 Kc5 53. Kf5 e3 54. Kf4 d4 55. a4 Kd5 56. Rb5+ Kc6 57. Kf3 d3 58. Rh5 d2 59. Ke2 Nb2 60. Rh6+ Kb7 61. Rd6 d1=Q+ 62. Rxd1 Nxd1 63. Kxd1 Ka6 64. Ke2 Ka5 65. Kxe3 Kxa4 66. Kd2 Kb3 67. Kc1 b5 68. Kb1 b4 69. Ka1 Kc2 70. Ka2 b3+ 71. Ka3 b2 0-1

[Event "Wuerttemberg Rapid Teams 2024"]
[Site "B?blingen, Germany"]
[Date "2024.04.13"]
[Round "6.34"]
[White "Wezel, Sebastian"]
[Black "Hofer, Markus"]
[Result "0-1"]
[ECO "B03"]
[WhiteElo "1907"]
[BlackElo "2047"]
[Annotator "NA RC"]
[PlyCount "52"]
[EventDate "2024.04.13"]
[EventType "team-tourn"]
[SourceTitle "playchess.com"]
[Source "ChessBase"]
[SourceQuality "1"]
[TimeControl "900+5"]

1. e4 Nf6 2. e5 Nd5 3. c4 Nb6 4. d4 d6 5. exd6 exd6 6. Be3 Be7 7. Nc3 Nc6 8. h3 O-O 9. Nf3 Bf5 10. b3 Bf6 11. Be2 Re8 12. O-O a5 13. Rc1 a4 14. d5 Nb4 15. Nd4 Bg6 16. a3 axb3 17. axb4 b2 18. Rb1 Bxb1 19. Qxb1 Bxd4 20. Bxd4 Qh4 21. Bxb6 cxb6 22. Qxb2 Re5 23. Nb5 Rae8 24. Bf3 Rg5 25. Kh1 Qxc4 26. Qc1 Qxb5 0-1

[Event "Wuerttemberg Rapid Teams 2024"]
[Site "B?blingen, Germany"]
[Date "2024.04.13"]
[Round "6.37"]
[White "Foksha, Mischa"]
[Black "Strathmann, Sacha"]
[Result "0-1"]
[ECO "B33"]
[WhiteElo "2021"]
[BlackElo "2125"]
[Annotator "NA RC"]
[PlyCount "54"]
[EventDate "2024.04.13"]
[EventType "team-tourn"]
[SourceTitle "playchess.com"]
[Source "ChessBase"]
[SourceQuality "1"]
[TimeControl "900+5"]

1. e4 c5 2. Nf3 Nc6 3. d4 cxd4 4. Nxd4 Nf6 5. Nc3 h5 6. Be3 Ng4 7. Bc1 Qb6 8. f3 Qxd4 9. fxg4 Qxd1+ 10. Kxd1 hxg4 11. Nd5 Kd8 12. Bf4 d6 13. c3 e6 14. Ne3 Be7 15. Be2 g5 16. Bg3 f5 17. Bf2 g3 18. Bg1 f4 19. Nc4 d5 20. exd5 exd5 21. Nd2 g4 22. Bf1 Bf5 23. h3 Kc7 24. Rc1 f3 25. Bd4 Nxd4 26. cxd4+ Kd6 27. gxf3 gxh3 0-1

[Event "Wuerttemberg Rapid Teams 2024"]
[Site "B?blingen, Germany"]
[Date "2024.04.13"]
[Round "6.38"]
[White "Baur, Frank"]
[Black "Foksha, Alexander"]
[Result "1-0"]
[ECO "D45"]
[WhiteElo "2050"]
[BlackElo "1924"]
[Annotator "NA RC"]
[PlyCount "73"]
[EventDate "2024.04.13"]
[EventType "team-tourn"]
[SourceTitle "playchess.com"]
[Source "ChessBase"]
[SourceQuality "1"]
[TimeControl "900+5"]

1. d4 d5 2. c4 c6 3. Nc3 Nf6 4. e3 e6 5. Nf3 Bd6 6. Be2 Nbd7 7. O-O O-O 8. b3 Qe7 9. Bb2 b6 10. Bd3 Bb7 11. e4 dxe4 12. Nxe4 Nxe4 13. Bxe4 Nf6 14. Bc2 Rad8 15. Re1 Ba3 16. Bc3 Bb4 17. Qd3 Bxc3 18. Qxc3 Qd6 19. Rad1 Qf4 20. Ne5 c5 21. dxc5 bxc5 22. g3 Qg5 23. f3 Rxd1 24. Rxd1 h5 25. Kf2 h4 26. Qe3 hxg3+ 27. hxg3 Qxe3+ 28. Kxe3 Rc8 29. g4 g5 30. Be4 Bxe4 31. fxe4 Rc7 32. Kf3 Kg7 33. Rd6 Kf8 34. Rc6 Rxc6 35. Nxc6 a6 36. Nb8 Nd7 37. Nxd7+ 1-0

[Event "Wuerttemberg Rapid Teams 2024"]
[Site "B?blingen, Germany"]
[Date "2024.04.13"]
[Round "6.39"]
[White "Hadziselimovic, Adnan"]
[Black "Schmid, Tim"]
[Result "1/2-1/2"]
[ECO "E04"]
[WhiteElo "2053"]
[BlackElo "1765"]
[Annotator "NA RC"]
[PlyCount "98"]
[EventDate "2024.04.13"]
[EventType "team-tourn"]
[SourceTitle "playchess.com"]
[Source "ChessBase"]
[SourceQuality "1"]
[TimeControl "900+5"]

1. c4 Nf6 2. g3 e6 3. Bg2 d5 4. d4 dxc4 5. Nf3 c5 6. Qa4+ Nc6 7. Ne5 Nd5 8. dxc5 Qa5+ 9. Qxa5 Nxa5 10. Bd2 Nc6 11. Nxc4 Bxc5 12. Nc3 Nxc3 13. Bxc3 O-O 14. O-O Nd4 15. Bxd4 Bxd4 16. Rfd1 Bf6 17. Rac1 Rb8 18. e4 b5 19. Nd6 Bxb2 20. Rb1 Be5 21. Nxb5 a6 22. Na3 Rxb1 23. Rxb1 Bf6 24. Nc4 e5 25. Nd6 Be6 26. Rb6 Rd8 27. Rxa6 Be7 28. Nf5 Rd1+ 29. Bf1 Bd8 30. Kg2 Rxf1 31. Rd6 Bc7 32. Rc6 Ra1 33. Rxc7 Rxa2 34. Rc5 Bxf5 35. exf5 f6 36. Rc7 h5 37. h3 Kh7 38. Re7 Kh6 39. g4 hxg4 40. hxg4 Ra4 41. Kg3 Rd4 42. Kh4 Rf4 43. Kg3 Rd4 44. Re6 Rf4 45. f3 Rd4 46. Kh4 Rf4 47. Kg3 Rd4 48. Re8 Kh7 49. Kf2 Rf4 1/2-1/2

[Event "Wuerttemberg Rapid Teams 2024"]
[Site "B?blingen, Germany"]
[Date "2024.04.13"]
[Round "7.1"]
[White "Kabisch, Thilo"]
[Black "Koelle, Tobias"]
[Result "0-1"]
[ECO "A06"]
[WhiteElo "2228"]
[BlackElo "2467"]
[Annotator "RC"]
[PlyCount "98"]
[EventDate "2024.04.13"]
[EventType "team-tourn"]
[SourceTitle "playchess.com"]
[Source "ChessBase"]
[SourceQuality "1"]
[TimeControl "900+5"]

1. Nf3 d5 2. b3 Bf5 3. Bb2 e6 4. e3 Nf6 5. Be2 h6 6. O-O Be7 7. a3 O-O 8. d3 c5 9. Nbd2 Nc6 10. c4 dxc4 11. Nxc4 Qc7 12. Rc1 Rad8 13. Qc2 Rfe8 14. Rfd1 Bh7 15. h3 a6 16. Qb1 Nd5 17. Qa1 Bf6 18. Bf1 Bxb2 19. Qxb2 Qe7 20. e4 Nc7 21. Nb6 Nb5 22. Na4 Ncd4 23. Nxd4 cxd4 24. Rc5 Nc3 25. Rc1 b5 26. Nxc3 Qxc5 27. Nd5 Qa7 28. Nf4 Rc8 29. Rd1 Rc7 30. Ne2 e5 31. f4 Bxe4 32. fxe5 Bg6 33. Kh1 Qc5 34. Qxd4 Qxd4 35. Nxd4 Rxe5 36. Nf3 Rd5 37. a4 Rc3 38. axb5 axb5 39. d4 Rxb3 40. Ne5 Be4 41. Nc6 Rd6 42. Ne5 Rxh3+ 43. Kg1 Rb3 44. Ra1 Rxd4 45. Ra7 Bg6 46. Rb7 Rb1 47. Kf2 Rf4+ 48. Nf3 Be4 49. Bxb5 Bxb7 0-1